 Dungeon Crawl Stone Soup version 0.20.1-1-g8b1a95d (webtiles) character file.

2146 Giltor the Covert (level 9, -1/39 HPs)
             Began as a Spriggan Enchanter on July 26, 2017.
             Was an Elder of Okawaru.
             Slain by an orc warrior
             ... wielding a +0 short sword
              (13 damage)
             ... on level 10 of the Dungeon.
             The game lasted 01:10:24 (6382 turns).

Giltor the Covert (Spriggan Enchanter)              Turns: 6382, Time: 01:10:24

Health: -1/39      AC:  8    Str:  7    XL:     9   Next: 9%
Magic:  11/16      EV: 18    Int: 16    God:    Okawaru [****..]
Gold:   167        SH:  0    Dex: 17    Spells: 8/17 levels left

rFire    . . .     SeeInvis +   a - +1 dagger
rCold    . . .     Gourm    .   (shield restricted)
rNeg     . . .     Faith    .   b - +0 robe
rPois    .         Spirit   .   (helmet restricted)
rElec    .         Reflect  .   n - +1 cloak
rCorr    .         Harm     .   (gloves unavailable)
MR       +....                  (boots unavailable)
Stlth    +++++.....             (no amulet)
Regen    0.2/turn               e - +4 ring of protection
MPRegen  0.2/turn               (no ring)

@: very quick
A: unfitting armour, see invisible, herbivore 3, speed 3, slow metabolism 2
a: Heroism, Renounce Religion


You were on level 10 of the Dungeon.
You worshipped Okawaru.
Okawaru was greatly pleased with you.
You were not hungry.

You visited 1 branch of the dungeon, and saw 8 of its levels.

You collected 167 gold pieces.

Inventory:

Hand Weapons
 a - a +1 dagger (weapon)
 l - a +2 hand axe of venom
 p - a +0 vampiric dagger
 w - a cursed -1 battleaxe
 x - a +2 vampiric hand axe
Missiles
 j - 6 poisoned needles
 m - 8 silver tomahawks (quivered)
Armour
 b - a +0 robe (worn)
 n - a +1 cloak (worn)
Jewellery
 e - a +4 ring of protection (left hand)
 o - the ring "Kaoczuav" {rC+ Int-3}
   (You found it on level 4 of the Dungeon)

   [ring of intelligence]

   It affects your intelligence (-3).
   It protects you from cold.
Scrolls
 h - a scroll of enchant weapon
 k - 3 scrolls of remove curse
 t - a scroll of identify
 v - a scroll of teleportation
Potions
 f - a potion of magic {unknown}
 g - a potion of ambrosia {unknown}
 i - 2 potions of curing
 q - a potion of haste {unknown}
 r - a potion of invisibility {unknown}
 s - a potion of heal wounds {unknown}
 u - a potion of flight {unknown}
Books
 c - a book of Maledictions

   Spells                             Type                      Level
   a - Corona                         Hexes                        1
   b - Ensorcelled Hibernation        Hexes/Ice                    2
   c - Confuse                        Hexes                        3
   d - Tukima's Dance                 Hexes                        3
   e - Dazzling Spray                 Conjuration/Hexes            3
Comestibles
 d - a bread ration


   Skills:
 - Level 6.3 Short Blades
 - Level 3.0 Dodging
 - Level 10.0 Stealth
 * Level 4.5 Spellcasting
 - Level 9.3 Hexes
 - Level 0.1 Ice Magic
 - Level 3.7 Invocations


You had 8 spell levels left.
You knew the following spells:

 Your Spells              Type           Power        Failure   Level  Hunger
a - Corona                Hex            ####...      1%          1    None
b - Ensorcelled Hibernat  Hex/Ice        ###...       3%          2    ##.....
c - Dazzling Spray        Conj/Hex       ###...       7%          3    ###....
d - Confuse               Hex            ####....     1%          3    ###....


Dungeon Overview and Level Annotations

Branches:
Dungeon (10/15)            Temple (0/1) D:6             Orc (0/2) D:10
   Lair: D:8-11

Altars:
Okawaru
Zin

Annotations:
D:3 Natasha


Innate Abilities, Weirdness & Mutations

You are very small and have problems with some larger weapons.
You are too small for most types of armour.
You have supernaturally acute eyesight. (SInv)
You are a herbivore.
You cover ground extremely quickly.
You need consume almost no food.


Message History

You hit the orc.
The orc is severely wounded.
The orc misses you.
You barely miss the orc.
The orc is severely wounded.
You hit the orc.
You kill the orc!
Okawaru accepts your kill.
You hit the orc but do no damage. The orc closely misses you.
You hit the orc but do no damage. You hit the orc.
The orc is lightly wounded.
The orc completely misses you.
You closely miss the orc.
The orc is lightly wounded.
You barely miss the orc warrior. You hit the orc warrior.
The orc warrior is lightly wounded.
The orc warrior hits you with a short sword!
You die...

#.####.##.)')..# ..##
#....#.##)###.## ###
#####...##.# o...
........%#)#####.#
########.#.))..#.#
#.####.##.######### #.#
#.##.........#
######.####.####.....#.#
#.........#...@oo....#.#
###.........######.......#
..............# #.....###
............#.# #.....#
............#.# #)....#
...####.....#.# #.....#
...# #.###.#.# #.....#
...# #.# #.#.# #.....#
...####.# #.#.# #######


You could see an orc warrior and an orc.

Vanquished Creatures
  6 yaks
  Menkaure (D:5)
  The ghost of Knicklaso the Cudgeler, an amateur OgWr (D:3)
  An orc warrior (D:10)
  A sky beast (D:6)
  2 ogres (D:4)
  A phantom (D:4)
  A scorpion (D:5)
  A wyvern skeleton (D:10)
  A howler monkey (D:6)
  2 bullfrog zombies
  A crimson imp (D:5)
  2 orc priests (D:10)
  3 hounds
  An orc wizard (D:10)
  Jessica (D:3)
  2 worker ants
  Natasha (D:3)
  A hound zombie (D:6)
  A hound skeleton (D:4)
  2 adders
  A worm (D:4)
  3 leopard geckos
  20 orcs (D:10)
  5 giant cockroaches
  8 goblins
  A hobgoblin (D:3)
  A quokka (D:10)
  2 ball pythons
  2 bats (D:2)
  2 frilled lizards
  7 kobolds
  A rat (D:2)
86 creatures vanquished.

Notes
Turn   | Place    | Note
-------+----------+-------------------------------------------
     0 | D:1      | Giltor the Spriggan Enchanter began the quest for the Orb.
     0 | D:1      | Reached XP level 1. HP: 9/9 MP: 5/5
   698 | D:2      | Found an iron altar of Okawaru.
   706 | D:2      | Became a worshipper of Warmaster Okawaru
   745 | D:2      | Reached skill level 5 in Stealth
  1132 | D:2      | Found a glowing silver altar of Zin.
  1203 | D:2      | Reached XP level 2. HP: 13/13 MP: 3/6
  1222 | D:2      | Learned a level 2 spell: Ensorcelled Hibernation
  2047 | D:3      | Noticed Knicklaso's ghost (amateur OgWr)
  2117 | D:3      | Noticed Natasha
  2118 | D:3      | Killed Natasha
  2118 | D:3      | Reached XP level 3. HP: 16/16 MP: 8/8
  2137 | D:4      | Reached skill level 5 in Hexes
  2147 | D:4      | Learned a level 3 spell: Dazzling Spray
  2222 | D:3      | Noticed Natasha
  2615 | D:3      | Reached XP level 4. HP: 21/21 MP: 9/9
  2978 | D:3      | Reached skill level 6 in Stealth
  3090 | D:3      | Noticed Jessica
  3129 | D:4      | Learned a level 3 spell: Confuse
  3193 | D:3      | Killed Jessica
  3729 | D:3      | Killed Knicklaso's ghost
  3729 | D:3      | Reached skill level 7 in Stealth
  3729 | D:3      | Reached XP level 5. HP: 24/24 MP: 6/12
  3765 | D:4      | Noticed an ogre
  3773 | D:4      | Killed an ogre
  3773 | D:4      | Reached * piety under Okawaru
  3773 | D:4      | Reached XP level 6. HP: 28/28 MP: 3/13
  4094 | D:4      | Got a scorched silver ring
  4095 | D:4      | Identified the cursed ring "Kaoczuav" {rC+ Int-3} (You found it on level 4 of the Dungeon)
  4284 | D:4      | Reached ** piety under Okawaru
  4284 | D:4      | Reached skill level 5 in Short Blades
  4284 | D:4      | Reached XP level 7. HP: 23/32 MP: 8/14
  4367 | D:5      | Entered Level 5 of the Dungeon
  4472 | D:5      | Noticed Menkaure
  4491 | D:5      | Killed Menkaure
  4642 | D:6      | Found a staircase to the Ecumenical Temple.
  4642 | D:6      | Noticed a yak
  4642 | D:6      | Noticed a yak
  4642 | D:6      | Noticed a yak
  4642 | D:6      | Noticed a yak
  4642 | D:6      | Noticed a yak
  4763 | D:5      | Killed a yak
  4922 | D:6      | Killed a yak
  4922 | D:6      | Reached XP level 8. HP: 22/36 MP: 5/15
  4963 | D:5      | Reached *** piety under Okawaru
  5222 | D:6      | Reached skill level 8 in Stealth
  5262 | D:5      | Reached skill level 9 in Stealth
  5404 | D:5      | Reached skill level 10 in Stealth
  5509 | D:6      | Reached **** piety under Okawaru
  5607 | D:6      | You fall through a shaft for 3 floors!
  5669 | D:10     | Entered Level 10 of the Dungeon
  5987 | D:10     | Found a staircase to the Orcish Mines.
  6014 | D:10     | Reached XP level 9. HP: 39/39 MP: 8/16
  6382 | D:10     | Slain by an orc warrior

Skill      XL: |  1  2  3  4  5  6  7  8  9 |
---------------+----------------------------+-----
Stealth        | 5 7 10 | 10.0
Hexes          | 4 5 7 9 |  9.3
Spellcasting   | 4 |  4.5
Short Blades   | 2 5 6 |  6.3
Invocations    | 2 3 |  3.7
Dodging        | |  3.0
Ice Magic      | |  0.1

Action                   |  1- 3 |  4- 6 |  7- 9 || total
-------------------------+-------+-------+-------++-------
Melee: Dagger            |    95 |    95 |   346 ||   536
 Cast: Corona            |     7 |       |       ||     7
       Ensorcelled Hiber |     9 |     4 |     2 ||    15
       Confuse           |       |    15 |    46 ||    61
Invok: Heroism           |       |       |     2 ||     2
  Use: Scroll            |       |    10 |     2 ||    12
 Stab: Sleeping          |     8 |     8 |     7 ||    23
       Distracted        |     1 |       |       ||     1
       Confused          |       |     8 |    21 ||    29
  Eat: Royal jelly       |     1 |       |     1 ||     2
       Bread ration      |       |     1 |       ||     1
Armor: Robe              |    17 |     7 |    36 ||    60
Dodge: Dodged            |    98 |    40 |   166 ||   304
